AoeStats
← Fs.Black_

MegaRandom

504789150Analyzed
4v4 RM · 25d ago on Sep 6, 2026· 29m 51s· 8 players
Game mode
Random Map
Map size
Large (8 player)
Population
200
Speed
Normal
Resources
Standard
Victory
Conquest
Starting age
Dark Age
Ending age
Imperial Age
RankedLock teamsTeams togetherTeam positionsShared explorationLock speedFull tech treeHidden civsTurbo modeCheats
Victory
Defeat
🇨🇱 Burgundians · Chile
1891
+9
🇨🇱 Hindustanis · Chile
1862
+10
🇨🇱 Japanese · Chile
1834
+11
🇵🇪 Huns · Peru
1768
+12
🇧🇷 Malay · Brazil
1735
-11
🇨🇦 Sicilians · Canada
1715
-11
🇧🇷 Portuguese · Brazil
1707
-10
🇧🇷 Byzantines · Brazil
1687
-10
HR Whitecourt
0:28 Loom
4:34 Double-Bit Axe
11:47 Feudal Age
15:41 Castle Age
14:07 Fishing Lines
14:58 Bow Saw
14:52 Gillnets
23:51 Stone Mining
23:52 Gold Mining
23:56 Stone Mining
25:36 Wheelbarrow
25:04 Town Watch
28:30 Imperial Age
26:37 Hand Cart
26:24 Caravan
26:59 Scale Barding Armor
26:40 Demolition Ship
28:35 Ballistics
28:05 Fletching
29:33 Coinage
29:14 Guilds
29:12 Town Patrol
29:39 Medium Warships
30:31 Chemistry
30:03 Bodkin Arrow
HR Sobek
0:28 Loom
11:39 Feudal Age
16:16 Castle Age
14:46 Double-Bit Axe
15:39 Fishing Lines
17:37 Horse Collar
18:08 Bow Saw
19:04 Wheelbarrow
20:07 Gillnets
20:10 Town Watch
21:34 Hand Cart
23:36 Gold Mining
27:59 Imperial Age
25:43 Stone Mining
26:29 Gold Shaft Mining
25:55 Heavy Plow
28:38 Fervor
28:29 Caravan
29:43 Chemistry
29:00 Padded Archer Armor
29:12 Shatagni
29:41 Ballistics
29:59 Conscription
HR PUGRRITO
8:00 Loom
10:13 Feudal Age
10:58 Horse Collar
11:03 Double-Bit Axe
20:44 Castle Age
18:36 Gold Mining
20:56 Fletching
21:18 Bloodlines
21:33 Heavy Plow
21:44 Bow Saw
21:49 Bodkin Arrow
HR AboKeiTo
0:27 Loom
8:44 Feudal Age
10:46 Double-Bit Axe
16:23 Fletching
19:54 Town Watch
22:54 Castle Age
21:06 Horse Collar
24:26 Bow Saw
24:54 Wheelbarrow
26:29 Redemption
26:40 Sanctity
26:39 Gold Mining
27:05 Heavy Plow
Fs.Neras
0:29 Loom
8:17 Feudal Age
10:17 Double-Bit Axe
15:42 Fletching
17:28 Horse Collar
24:02 Castle Age
26:37 Stone Mining
Fs.BlinkAoE
0:27 Loom
10:28 Feudal Age
12:43 Town Watch
15:38 Fletching
20:28 Castle Age
19:09 Double-Bit Axe
19:17 Horse Collar
21:08 Bodkin Arrow
Fs.Black_
6:15 Loom
8:57 Feudal Age
14:43 Castle Age
13:59 Double-Bit Axe
25:20 Horse Collar
26:16 Wheelbarrow
30:33 Imperial Age
29:14 Scale Barding Armor
29:39 Hand Cart
Fs.Nicolau Mendes
0:38 Loom
10:38 Feudal Age
11:10 Double-Bit Axe
17:51 Castle Age
16:10 Horse Collar
17:43 Bow Saw
23:49 Wheelbarrow
25:26 Town Watch
27:26 Fletching
28:00 Bodkin Arrow
30:57 Imperial Age
28:59 Ballistics
28:34 Crossbowman
Connection lost

Rejoining the realm…

Still unreachable

The connection could not be restored.

Session expired

The server has moved on; the page needs a fresh start.